Cogmind - Beta 9.3 --- EXPLORER MODE // 2019.12.22 @ 12:04:53 // Winter2019/RPGLIKE Player: MS-07B Result: Destroyed by G-50 Soldier with Heavy Laser Performance ------------- Evolutions (3) 1500 Regions Visited (6) 1200 Robots Destroyed (42) 210 Value Destroyed (1650) 1650 Prototype IDs (0) 0 Alien Tech Used (0) 0 Bonus (11) 11 TOTAL SCORE: 4571 Bonus ------- High Alert Combat Kills 11 Cogmind --------- Core Integrity 0/2050 Matter 372/500 Energy 150/150 System Corruption 0% Temperature Cool (265) Movement Treading (160) Location -7/Factory Parts ------- > --- POWER (1) -------- Micro Nuclear Core > --- PROPULSION (2) --- Medium Treads Medium Treads > --- UTILITY (1) ------ Advanced Targeting Computer > --- WEAPON (2) ------- Minigun Minigun > --- INVENTORY (7) ---- Protomatter-60 Protomatter-41 Gatling Laser EM Pulse Cannon Flak Cannon Gauss Cannon Heavy Missile Launcher Peak State ------------ > --- POWER ------------ Micro Nuclear Core > --- PROPULSION ------- Medium Treads Medium Treads > --- UTILITY ---------- Advanced Targeting Computer > --- WEAPON ----------- Minigun Minigun > --- INVENTORY -------- Protomatter Protomatter Gatling Laser EM Pulse Cannon Flak Cannon Gauss Cannon Heavy Missile Launcher [Rating: 23] Favorites ----------- Power Ion Engine Engine Ion Engine Power Core Micro Nuclear Core Propulsion Aluminum Leg Treads Medium Treads Leg Aluminum Leg Utility Targeting Computer Processor Targeting Computer Weapon Minigun Energy Gun Particle Gun Ballistic Gun Minigun Build | -11 -10 -10 -10 -9 -8 -7 ------- Run | Scr Mat Min Exi Min Mat Fac Slots Evolved 2 | 1 . . . . 1 . Power . | . . . . . . . Propulsion 1 | 1 . . . . . . Utility . | . . . . . . . Weapon 1 | . . . . . 1 . Parts Attached 22 | 5 1 . . . 15 1 Power 5 | 1 . . . . 3 1 Engine 4 | 1 . . . . 3 . Core 1 | . . . . . . 1 Reactor . | . . . . . . . Propulsion 8 | 2 . . . . 6 . Treads 4 | . . . . . 4 . Leg 4 | 2 . . . . 2 . Wheel . | . . . . . . . Hover . | . . . . . . . Flight . | . . . . . . . Utility 2 | 1 . . . . 1 . Device . | . . . . . . . Storage . | . . . . . . . Processor 2 | 1 . . . . 1 . Hackware . | . . . . . . . Protection . | . . . . . . . Artifact . | . . . . . . . Weapon 7 | 1 1 . . . 5 . Energy Gun 2 | 1 1 . . . . . Energy Cannon . | . . . . . . . Ballistic Gun 5 | . . . . . 5 . Ballistic Cannon . | . . . . . . . Launcher . | . . . . . . . Special Weapon . | . . . . . . . Impact Weapon . | . . . . . . . Slashing Weapon . | . . . . . . . Piercing Weapon . | . . . . . . . Special Melee Weapon . | . . . . . . . Unidentified Prototypes . | . . . . . . . Parts Lost 1 | . . . . . 1 . Power . | . . . . . . . Propulsion 1 | . . . . . 1 . Utility . | . . . . . . . Weapon . | . . . . . . . Highest Loss Streak 1 | . . . . . 1 . Average Slot Usage (%) 99 | . 100 100 100 100 98 96 Engine 16 | . 20 20 20 20 18 . Core 1 | . . . . . . 12 Treads 9 | . . . . . 15 33 Leg 28 | . 40 40 40 40 20 . Processor 18 | . 20 20 20 20 18 16 Energy Gun 12 | . 20 20 20 20 5 . Ballistic Gun 10 | . . . . . 19 33 Naked Turns . | . . . . . . . Heaviest Build 12 | 7 8 8 8 8 11 12 Greatest Support 61 | 20 20 20 20 20 61 61 Greatest Overweight (x) . | . . . . . . . Average Overweight (x) . | . . . . . . . Largest Inventory Capacity 7 | 5 5 6 6 6 7 7 Average Capacity 6 | 3 5 5 6 6 6 7 Most Carried 7 | 3 4 5 5 5 7 7 Average Carried 5 | . 3 4 5 5 5 6 Final Capacity 7 | 5 5 6 6 6 7 7 Final Carried 7 | 2 4 5 5 5 6 7 Class Distribution -------------------- 54% | Hacker-Mutant 45% | Hauler-Mutant Dominant Class ---------------- Hacker-Mutant | -10/Materials Hacker-Mutant | -10/Mines Hacker-Mutant | -10/Exiles Hacker-Mutant | -9/Mines Hauler-Mutant | -8/Materials Hauler-Mutant | -7/Factory Resources | -11 -10 -10 -10 -9 -8 -7 ----------- Run | Scr Mat Min Exi Min Mat Fac Matter Collected 1132 | 250 10 . . . 741 131 Remotely . | . . . . . . . Salvage Created 1756 | . 294 23 . . 1331 108 Parts 108 | . 20 7 . 2 69 10 Haulers Intercepted . | . . . . . . . Recyclers Shooed 4 | . . . . . 3 1 Parts Field Recycled . | . . . . . . . Retrieved Matter . | . . . . . . . Parts Self-Destructed . | . . . . . . . Prevented . | . . . . . . . Kills | -11 -10 -10 -10 -9 -8 -7 ------- Run | Scr Mat Min Exi Min Mat Fac Combat Hostiles Destroyed 36 | . 6 2 . 1 25 2 Guns 36 | . 6 2 . 1 25 2 Classes Destroyed 10 | . 3 1 . . 4 2 Worker 2 | . . . . . 1 1 Builder 1 | . 1 . . . . . Watcher 3 | . 1 . . . 2 . Swarmer 2 | . . 2 . . . . Grunt 19 | . 6 . . 1 12 . Brawler 2 | . . . . . 2 . Duelist 1 | . . . . . . 1 Sentry 9 | . . . . . 9 . Hunter 2 | . . . . . 2 . Programmer 1 | . . . . . . 1 Best Kill Streak 7 | . 6 2 . 1 7 2 Combat Bots Only 6 | . 4 2 . 1 6 1 Max Kills in Single Turn 2 | . 1 1 . 1 2 1 Gunslinging 1 | . . . . . 1 . Exploded . | . . . . . . . Melee . | . . . . . . . Uniques/NPCs Destroyed . | . . . . . . . Combat | -11 -10 -10 -10 -9 -8 -7 -------- Run | Scr Mat Min Exi Min Mat Fac Damage Taken 2567 | . 272 10 . 44 1838 403 Core 2057 | . 219 8 . 34 1475 321 Absorbed by Shields . | . . . . . . . Redirected to Core 1585 | . 148 5 . 34 1136 262 Core Remaining (%) 61 | 100 . . . 69 15 . Volleys Fired 212 | . 30 2 . 6 162 12 Largest 2 | . 1 1 . 1 2 2 Hottest 65 | . 50 65 . 65 65 50 Shots Fired 250 | . 30 2 . 6 188 24 Gun 250 | . 30 2 . 6 188 24 Cannon . | . . . . . . . Launcher . | . . . . . . . Special . | . . . . . . . Kinetic 179 | . . . . . 155 24 Thermal 71 | . 30 2 . 6 33 . Explosive . | . . . . . . . Electromagnetic . | . . . . . . . Robot Hit Streak 72 | . 17 13 . 17 62 72 Robot Miss Streak 1 | . 1 . . 1 1 1 Penetration Max . | . . . . . . . Secondary Targets 3 | . . . . . 1 2 Max Gunslinging Chain 1 | . . . . . 1 1 Shots Hit Robots 235 | . 28 2 . 5 178 22 Core Hits 90 | . 17 2 . 1 64 6 Critical Hits 2 | . . . . . 1 1 Critical Kills . | . . . . . . . Critical Parts Destroyed 1 | . . . . . . 1 Melee Attacks . | . . . . . . . Impact . | . . . . . . . Slashing . | . . . . . . . Piercing . | . . . . . . . Sneak Attacks . | . . . . . . . Combat Hostiles . | . . . . . . . Follow-up Attacks . | . . . . . . . Damage Inflicted 3573 | . 351 28 . 77 2716 401 Guns 3562 | . 351 28 . 77 2705 401 Cannons . | . . . . . . . Explosions . | . . . . . . . Melee . | . . . . . . . Ramming 11 | . . . . . 11 . Kinetic 2671 | . . . . . 2270 401 Thermal 891 | . 351 28 . 77 435 . Explosive . | . . . . . . . Electromagnetic . | . . . . . . . Impact . | . . . . . . . Slashing . | . . . . . . . Piercing . | . . . . . . . Highest Corruption . | . . . . . . . Average Corruption . | . . . . . . . Corruption Purged . | . . . . . . . Overload Shots . | . . . . . . . Overflow Damage . | . . . . . . . Projectiles . | . . . . . . . Explosions . | . . . . . . . Melee . | . . . . . . . Knockbacks . | . . . . . . . Impact . | . . . . . . . Kinetic . | . . . . . . . Secondary . | . . . . . . . Self-Inflicted Damage 4 | . . . . . 4 . Shots . | . . . . . . . Rammed 3 | . . . . . 3 . Targets Rammed 3 | . . . . . 3 . Kicked . | . . . . . . . Crushed . | . . . . . . . Highest Temperature 338 | . 238 48 . 180 338 238 Average Temperature 88 | . 85 26 . 93 90 85 Received Heat Transfer 1854 | . 234 . . 45 1269 306 Effects 2 | . . . . . 2 . Interference 2 | . . . . . 2 . Siege Activations . | . . . . . . . Robots Corrupted . | . . . . . . . Combat Hostiles . | . . . . . . . Parts Fried . | . . . . . . . Impact Corruptions . | . . . . . . . Robots Melted . | . . . . . . . Combat Hostiles . | . . . . . . . Parts Melted 2 | . 1 . . . 1 . Heat Transferred 2368 | . 1036 74 . 185 1073 . Parts Sabotaged . | . . . . . . . Parts Stolen . | . . . . . . . Parts Stripped . | . . . . . . . Power Chain Reactions . | . . . . . . . Missiles Intercepted . | . . . . . . . Alert | -11 -10 -10 -10 -9 -8 -7 ------- Run | Scr Mat Min Exi Min Mat Fac Peak Influence 410 | . 177 98 . 30 410 73 Average Influence 86 | . 71 86 . 3 163 34 Maximum Alert Level 2 | . . . . . 2 . Low Security (%) 90 | 100 100 100 . 100 75 100 Level 1 5 | . . . . . 14 . Level 2 3 | . . . . . 9 . Level 3 . | . . . . . . . Level 4 . | . . . . . . . Level 5 . | . . . . . . . High Security . | . . . . . . . Max Security . | . . . . . . . Squads Dispatched 5 | . . . . . 3 2 Investigation . | . . . . . . . Extermination 1 | . . . . . . 1 Reinforcement 4 | . . . . . 3 1 Assault . | . . . . . . . Garrison . | . . . . . . . Intercept . | . . . . . . . Construction Impeded . | . . . . . . . Haulers Reinforced . | . . . . . . . Stealth | -11 -10 -10 -10 -9 -8 -7 --------- Run | Scr Mat Min Exi Min Mat Fac Distress Signals 2 | . . . . . 2 . Communications Jammed . | . . . . . . . Distress Signals . | . . . . . . . Times Spotted 55 | . 8 2 . 1 37 7 Peak Tracking Total 6 | . 5 2 . 1 5 6 Tactical Retreats 3 | . . . . . 2 1 Traps | -11 -10 -10 -10 -9 -8 -7 ------- Run | Scr Mat Min Exi Min Mat Fac Traps Triggered 2 | . 1 . . . 1 . Indirectly . | . . . . . . . Trap Hack Attempts . | . . . . . . . Triggered . | . . . . . . . Disarmed . | . . . . . . . Reprogrammed . | . . . . . . . Reused . | . . . . . . . Traps Extracted . | . . . . . . . Installed . | . . . . . . . Triggered . | . . . . . . . Machines | -11 -10 -10 -10 -9 -8 -7 ---------- Run | Scr Mat Min Exi Min Mat Fac Machines Disabled . | . . . . . . . Max in Single Turn . | . . . . . . . Machines Sabotaged . | . . . . . . . Garrisons Compromised . | . . . . . . . Overloaded Fab Kills . | . . . . . . . Fab Network Shutdowns . | . . . . . . . Hacking | -11 -10 -10 -10 -9 -8 -7 --------- Run | Scr Mat Min Exi Min Mat Fac Machines Accessed 9 | . 2 . 4 . 2 1 Terminals 2 | . 2 . . . . . Fabricators 1 | . . . . . . 1 Repair Stations 1 | . . . . . 1 . Recycling Units 1 | . . . . . 1 . Scanalyzers . | . . . . . . . Garrison Access . | . . . . . . . Total Hacks 59 | . 4 . 48 . 6 1 Successful 59 | . 4 . 48 . 6 1 Failed . | . . . . . . . Catastrophic . | . . . . . . . Database Lockouts . | . . . . . . . Manual 1 | . . . 1 . . . Terminals 4 | . 4 . . . . . Fabricators 1 | . . . . . . 1 Repair Stations 2 | . . . . . 2 . Recycling Units 4 | . . . . . 4 . Scanalyzers . | . . . . . . . Garrison Access . | . . . . . . . Terminal Hacks 52 | . 4 . 48 . . . Record 52 | . 4 . 48 . . . Fabricator Hacks 1 | . . . . . . 1 Network Status 1 | . . . . . . 1 Repair Station Hacks 2 | . . . . . 2 . Scan Component 1 | . . . . . 1 . Repair 1 | . . . . . 1 . Recycling Unit Hacks 4 | . . . . . 4 . Recycle Component 1 | . . . . . 1 . Process 1 | . . . . . 1 . Report Inventory 1 | . . . . . 1 . Retrieve Matter 1 | . . . . . 1 . Scanalyzer . | . . . . . . . Garrison Access Hacks . | . . . . . . . Unauthorized Hacks . | . . . . . . . Terminals . | . . . . . . . Fabricators . | . . . . . . . Repair Stations . | . . . . . . . Recycling Units . | . . . . . . . Scanalyzers . | . . . . . . . Garrison Access . | . . . . . . . Data Cores Recovered . | . . . . . . . Used . | . . . . . . . Hacking Detections 3 | . 2 . . . 1 . Full Trace Events . | . . . . . . . Feedback Events . | . . . . . . . Feedback Blocked . | . . . . . . . Robot Schematics Acquired . | . . . . . . . Robots Built . | . . . . . . . Matter . | . . . . . . . Time . | . . . . . . . Total Robot Build Rating . | . . . . . . . Part Schematics Acquired . | . . . . . . . Parts Built . | . . . . . . . Matter . | . . . . . . . Time . | . . . . . . . Total Part Build Rating . | . . . . . . . Parts Repaired 1 | . . . . . 1 . Time 38 | . . . . . 38 . Parts Recycled 1 | . . . . . 1 . Recycled Matter 29 | . . . . . 29 . Retrieved Matter 29 | . . . . . 29 . Retrieved Components . | . . . . . . . Parts Scanalyzed . | . . . . . . . Part Schematics Acquired . | . . . . . . . Parts Damaged . | . . . . . . . Bothacking | -11 -10 -10 -10 -9 -8 -7 ------------ Run | Scr Mat Min Exi Min Mat Fac Used RIF Installer . | . . . . . . . Robots Hacked . | . . . . . . . Non-combat . | . . . . . . . Combat . | . . . . . . . Robot Hacks Applied . | . . . . . . . Relay Couplers Released . | . . . . . . . Robots Rewired . | . . . . . . . Allies Hacked . | . . . . . . . Hacks Repelled . | . . . . . . . Allies | -11 -10 -10 -10 -9 -8 -7 -------- Run | Scr Mat Min Exi Min Mat Fac Total Allies . | . . . . . . . Largest Group . | . . . . . . . Highest-Rated Group . | . . . . . . . Highest-Rated Ally . | . . . . . . . Total Orders . | . . . . . . . Ally Attacks . | . . . . . . . Total Damage . | . . . . . . . Kills . | . . . . . . . Allies Corrupted . | . . . . . . . Allies Melted . | . . . . . . . Intel | -11 -10 -10 -10 -9 -8 -7 ------- Run | Scr Mat Min Exi Min Mat Fac Robot Analysis Total . | . . . . . . . Derelict Logs Recovered 1 | . . . . 1 . . Drone Launches . | . . . . . . . Drone Recoveries . | . . . . . . . Exploration | -11 -10 -10 -10 -9 -8 -7 ------------- Run | Scr Mat Min Exi Min Mat Fac Turns Passed 4295 | 67 384 419 749 726 1347 603 Spaces Moved 2737 | 50 249 346 625 468 646 353 Core 8 | 7 . . . . 1 . Treads 675 | . . . . . 322 353 Legs 2054 | 43 249 346 625 468 323 . Wheels . | . . . . . . . Hover . | . . . . . . . Flight . | . . . . . . . Fastest Speed 50 | 50 120 120 120 120 50 160 Average Speed 129 | 110 120 120 120 120 139 160 Slowest Speed 160 | 120 120 120 120 120 160 160 Overloaded Moves . | . . . . . . . Propulsion Burnouts . | . . . . . . . Robots Hopped . | . . . . . . . Cave-ins Triggered . | . . . . . . . Exploration Rate (%) 53 | 4 45 64 91 99 59 11 Regions Visited 6 Branch Regions 3 Pre-discovered Areas 1 | . . . 1 . . . Known Exits Taken 6 | 1 1 1 1 1 1 . Unknown Exits Taken . | . . . . . . . Scrap Searched 2 | . . . . 2 . . Spaces Dug . | . . . . . . . Terrain Destroyed . | . . . . . . . Melee . | . . . . . . . Projectile . | . . . . . . . AOE . | . . . . . . . Actions | -11 -10 -10 -10 -9 -8 -7 --------- Run | Scr Mat Min Exi Min Mat Fac Total 3259 | 61 304 348 624 626 921 375 Wait 246 | 2 21 . . 153 70 . Move 2731 | 49 248 345 624 467 645 353 Hop . | . . . . . . . Pick Up 30 | 5 3 1 . . 16 5 Fast Attach 5 | 2 . . . . 2 1 Attach 9 | 3 . . . . 6 . Detach . | . . . . . . . Swap 8 | . 1 . . . 7 . Drop 15 | . 1 . . . 10 4 Fire 212 | . 30 2 . 6 162 12 Melee . | . . . . . . . Ram . | . . . . . . . Kick 1 | . . . . . 1 . Crush 2 | . . . . . 2 . Escape Stasis . | . . . . . . . Rewire . | . . . . . . . Trap . | . . . . . . . Miscellaneous . | . . . . . . . Route ------- -11/Scrapyard -10/Materials -10/Mines (discovered 2 exits: *Mat / *Exi) -10/Exiles (discovered 2 exits: *Min x2) -9/Mines (discovered 2 exits: *Mat x2) -8/Materials -7/Factory (discovered 1 exit: *Low) History --------- Turn | Location | Event 12 | -11/Scrapyard | Identified exit to Materials 12 | -11/Scrapyard | Discovered exit to Materials (range 14) 18 | -11/Scrapyard | Upgraded with Propulsion slot (x1) 68 | -11/Scrapyard | Entered Materials 316 | -10/Materials | Build established: Hacker-Mutant 426 | -10/Materials | Identified exit to Mines 426 | -10/Materials | Discovered exit to Mines (range 15) 452 | -10/Materials | Entered Mines 504 | -10/Mines | Identified exit to Materials 504 | -10/Mines | Discovered exit to Materials (range 5) 508 | -10/Mines | Reached level 2 865 | -10/Mines | Deemed a non-threat by the Exiles lab entrance 865 | -10/Mines | Identified exit to Exiles 865 | -10/Mines | Discovered exit to Exiles (range 5) 871 | -10/Mines | Entered Exiles 901 | -10/Exiles | Identified exit to Mines 901 | -10/Exiles | Discovered exit to Mines (range 14) 936 | -10/Exiles | Met 8R-AWN 959 | -10/Exiles | Met EX-HEX 1000 | -10/Exiles | Met EX-BIN 1103 | -10/Exiles | Met EX-DEC 1116 | -10/Exiles | Learned location of Zion (-6) 1165 | -10/Exiles | Discovered exit to Mines (range 14) 1421 | -10/Exiles | Visited The Gauntlet 1620 | -10/Exiles | Entered Mines 1658 | -9/Mines | Met a Derelict bent on vengeance 1784 | -9/Mines | Identified exit to Materials 1784 | -9/Mines | Discovered exit to Materials (range 7) 1877 | -9/Mines | Discovered exit to Materials (range 12) 2346 | -9/Mines | Entered Materials 2348 | -8/Materials | Reached level 3 2348 | -8/Materials | Reached level 4 2348 | -8/Materials | Reached level 5 2348 | -8/Materials | Reached level 6 2654 | -8/Materials | Build established: Hauler-Mutant 2701 | -8/Materials | Reached level 7 2851 | -8/Materials | Core integrity fell below 50% 2950 | -8/Materials | Reached level 8 3104 | -8/Materials | Upgraded with Weapon slot (x1) 3524 | -8/Materials | Repaired Minigun 3617 | -8/Materials | Core integrity fell below 20% 3657 | -8/Materials | Identified exit to Factory 3657 | -8/Materials | Discovered exit to Factory (range 12) 3693 | -8/Materials | Entered Factory 3693 | -7/Factory | Identified exit to Lower Caves 3693 | -7/Factory | Discovered exit to Lower Caves (range 13) 3694 | -7/Factory | Core integrity fell below 50% 3694 | -7/Factory | Core integrity fell below 20% 3695 | -7/Factory | Reached level 9 3695 | -7/Factory | Reached level 10 4296 | -7/Factory | Destroyed by G-50 Soldier with Heavy Laser Last Messages --------------- 04112_ Dropped Protomatter-12. 04117_ Acquired Hvy. Missile Launcher. 04263_ O-16 Technician: "IFF HANDSHAKE FAILED. SECURING TERMINAL." 04267_ K-01 Serf destroyed. 04267_ Switching to secondary target: G-47 Trooper. 04268_ Extracted 2 matter. 04269_ ALERT: Hostiles spotted, dispatching reinforcements to Terminal F013. 04270_ K-01 Serf collects debris. 04270_ Acquired 27 matter. 04273_ U-05 Engineer lays Concrete. 04273_ K-01 Serf collects debris. 04276_ R-06 Scavenger collects Sml. Matter Pod. 04279_ K-01 Serf collects debris. 04282_ L-41 Fighter destroyed. 04282_ Switching to secondary target: G-47 Trooper. 04282_ G-47 Trooper suffers critical hit. 04282_ Destroyed Lgt. Nuclear Core. 04285_ K-01 Serf collects debris. 04295_ M-28 Smith fits Backup Power III on G-47 Trooper. Map ----- +----------------------------------------------------+ | #?????????# """ #????????????????????? | | ##+### ####??????+ #????????????????????? | | ?????# ?# """ #????????????????????? | | ?????# ?# """ #????????????????????? | | ?????# ?+ """ #????????????????????? | | ?????# ?# #????????????????????? | | ?????# ?# """ #????????????????????? | | ?????# ## """ #????????????????????? | | ?????? ## """ #????????????????????? | | ?????? ## ########?????????????? | | ?????? # """ ## #?????????????? | | ??????# ? # """ ## #?????????????? | | ??????# ?? # """ ## #?????????????? | | ??????# #???# # ## """ #?????????????? | | ??????# #???# # ## """ #?????????????? | | ??????# #???# ##+####+### """ #?????????????? | | ??#####/##+###?# # #?????????????? | | ??# #?# + #?????????????? | | ??# ! #?# # #?????????????? | | ??# #?# ########### " " #?????????????? | | ??# ### ###???????# "R" #?????????????? | | ??# *!! # #???????# """ #?????????????? | | ??# *! = # ###############?????????????? | | ??# *! # k u ## ?????????? | | ??# + g ggm + ?????????? | | ??# # g /%==@ #??????????????? | | ??# # #######+# #??????????????? | | ??# """""" # #???????????????????????????? | | ??# """""" "#########???????????????????????????? | | ??# """""" T#???????????????????????????????????? | | ??# """""" "#???????????????????????????????????? | | ?????? #???????????????????????????????????? | | ?????? #######???????????????????????????????????? | | ?????##??????????????????????????????????????????? | | ?????????????????????????????????????????????????? | | ?????????????????????????????????????????????????? | | ?????????????????????????????????????????????????? | | ?????????????????????????????????????????????????? | | ?????????????????????????????????????????????????? | | ?????????????????????????????????????????????????? | | ?????????????????????????????????????????????????? | | ?????????????????????????????????????????????????? | | ?????????????????????????????????????????????????? | | ?????????????????????????????????????????????????? | | ?????????????????????????????????????????????????? | | ?????????????????????????????????????????????????? | | ?????????????????????????????????????????????????? | | ?????????????????????????????????????????????????? | | ?????????????????????????????????????????????????? | | ?????????????????????????????????????????????????? | +----------------------------------------------------+ Best States ------------- Heat Dissipation 25 Energy Generation 15 Energy Capacity 250 Matter Stores 439 Matter Capacity 500 Sight Range 18 Robot Scan Range 12 Terrain Scan Density 310 Resistance: KI 35 Resistance: TH 35 Resistance: EX 35 Resistance: EM 35 Resistance: I 35 Resistance: S 35 Resistance: P 35 Evasion (%) 40 Targeting Accuracy 8 Recoil Reduction 2 Offensive Hacking 20 Item Schematics ----------------- None Robot Schematics ------------------ None Fabricated ------------ Nothing Alien Tech Used ----------------- None Achievements -------------- None Challenges ------------ None RPGLIKE | -11 -10 -10 -10 -9 -8 -7 --------- Run | Scr Mat Min Exi Min Mat Fac Levels Raised 9 | . . 1 . . 6 2 XP Earned 20826 | 6000 785 750 200 1095 9163 2833 XP Spent 19020 | 5975 . 1500 . . 8845 2700 Upgrades 60 | 14 . 1 . . 41 4 Propulsion Slot 1 | 1 . . . . . . Weapon Slot 1 | . . . . . 1 . Core Integrity 29 | 5 . . . . 24 . Matter Storage 4 | . . . . . 4 . Mass Support 1 | . . . . . 1 . Inventory Capacity 7 | 5 . 1 . . 1 . Sight Range 2 | . . . . . 1 1 Sensor Range 6 | . . . . . 6 . Terrain Scan Density 3 | . . . . . 3 . Ranged Accuracy 6 | 3 . . . . . 3 Protomatter Created 616 | . 83 12 . 48 423 50 Protomatter Decayed 511 | . 42 . . 104 303 62 Game ------ Seed SubatomicAccelerationBattery Manual? 0 Play Time 00:40:23 Cumulative 18.1 hours Start 2019.12.22 @ 11:24:06 End 2019.12.22 @ 12:04:53 Sessions 1 Manual Loads 0 Difficulty Explorer Special Mode Winter2019/RPGLIKE Game No. 48 Rogue 44 Adventurer 0 Explorer 4 Win Type - Total 0 Types 0/0/0/0/0/0/0 Lore% 15 Gallery% 21 Achievement% 13 Wizard Run 0 Options --------- ASCII 0 Keyboard 0 Movement Mouse Keybinds 0 Fullscreen 1 Font 18/SmallcapsGlow Map View 76x50 Tactical HUD 1 Map Filters NONE Filters NONE Steam 1 RUN: fbf10f53-4456-41e9-b635-18afdf872b28